 Dungeon Crawl Stone Soup version 0.22.1-6-g1668fe2 (webtiles) character file.

3966 Kairos the Chopper (level 10, 0/76 HPs)
             Began as a Formicid Fighter on Jan 28, 2019.
             Was an Elder of Okawaru.
             Slain by a minotaur
             ... wielding an uncursed staff of poison
              (12 damage)
             ... in a labyrinth.
             The game lasted 00:21:53 (9342 turns).

Kairos the Chopper (Formicid Fighter)               Turns: 9342, Time: 00:21:53

Health: 0/76       AC: 10    Str: 24    XL:     10   Next: 45%
Magic:  8/10       EV: 17    Int:  8    God:    Okawaru [****..]
Gold:   516        SH: 11    Dex: 10    Spells: 9/9 levels left

rFire    . . .     SeeInvis +   M - +2 bardiche (vamp)
rCold    . . .     Gourm    .   c - +0 shield
rNeg     . . .     Faith    .   b - +0 scale mail
rPois    .         Spirit   .   (helmet unavailable)
rElec    .         Reflect  .   z - +1 cloak
rCorr    .         Harm     .   (no gloves)
MR       ++...                  (no boots)
Stlth    ..........             D - amulet of the acrobat
HPRegen  0.22/turn              n - ring of protection from magic
MPRegen  0.12/turn              o - +6 ring of evasion

@: no status effects
A: permanent stasis, dig shafts and tunnels, four strong arms, antennae 3
a: Dig, Shaft Self, Heroism, Renounce Religion


You were in a labyrinth.
You worshipped Okawaru.
Okawaru was greatly pleased with you.
You were not hungry.

You visited 2 branches of the dungeon, and saw 9 of its levels.
You also visited: Labyrinth.

You collected 516 gold pieces.

Inventory:

Hand Weapons
 a - a +0 war axe
 i - a +1 whip of flaming
 u - a +1 hand axe of chopping
 w - a +0 whip of electrocution
 y - a +3 quarterstaff of chaos
 E - a +1 flail of protection
 F - a +0 battleaxe
 K - a +0 hand axe of flaming
 M - a +2 vampiric bardiche (weapon)
Armour
 b - a +0 scale mail (worn)
 c - a +0 shield (worn)
 z - a +1 cloak (worn)
Jewellery
 n - a ring of protection from magic (left hand)
 o - a +6 ring of evasion (right hand)
 D - an amulet of the acrobat (around neck)
 I - an uncursed ring of fire
 N - an uncursed ring of ice
Wands
 s - a wand of iceblast (15)
 v - a wand of clouds (5)
 O - a wand of polymorph (10)
 P - a wand of flame (18)
Scrolls
 e - 4 scrolls of remove curse
 g - a scroll of noise
 h - a scroll of enchant armour
 l - 2 scrolls of fear
 p - 2 scrolls of amnesia
 q - 2 scrolls of blinking
 r - a scroll of fog
 t - a scroll of enchant weapon
 G - 2 scrolls of immolation
 L - a scroll of teleportation
Potions
 d - 4 potions of might
 j - 3 potions of lignification {unknown}
 k - 3 potions of brilliance {unknown}
 x - 2 potions of curing
 A - a potion of mutation {unknown}
 B - a potion of flight {unknown}
 C - 2 potions of heal wounds {unknown}
 H - a potion of degeneration {unknown}
 J - 2 potions of haste {unknown}
Comestibles
 f - 13 rations


   Skills:
 + Level 6.0 Fighting
 - Level 7.9(9.0) Axes
 + Level 3.7(6.3) Maces & Flails
 * Level 5.1(7.2) Polearms
 + Level 6.6 Armour
 + Level 3.7 Dodging
 + Level 1.9 Stealth
 + Level 7.9 Shields


You had 9 spell levels left.
You didn't know any spells.
Your spell library contained the following spells:

 Spells                   Type           Power        Failure   Level  Hunger
 Animate Skeleton         Necr           N/A          77%         1    ##.....
 Apportation              Tloc           #.....       77%         1    ##.....
 Confusing Touch          Hex            #.....       77%         1    ##.....
 Corona                   Hex            #......      77%         1    ##.....
 Summon Small Mammal      Summ           #...         77%         1    ##.....
 Ensorcelled Hibernation  Hex/Ice        #.....       88%         2    ###....
 Confuse                  Hex            #.......     98%         3    ####...
 Dazzling Spray           Conj/Hex       #.....       98%         3    ####...
 Tukima's Dance           Hex            #.......     98%         3    ####...
 Bolt of Magma            Conj/Fire/Erth #.........   100%        5    ######.
 Iskenderun's Battlesphe  Conj/Chrm      #.......     100%        5    ######.
 Venom Bolt               Conj/Pois      #.........   100%        5    ######.
 Iron Shot                Conj/Erth      #.........   100%        6    #######
 Orb of Destruction       Conj           #.........   100%        7    #######
 Spellforged Servitor     Conj/Summ      #.........   100%        7    #######


Dungeon Overview and Level Annotations

Branches:
Dungeon (8/15)             Temple (0/1) D:5            Lair (1/6) D:8

Altars:
Kikubaaqudgha
Makhleb
Nemelex Xobeh
Okawaru
Ru
Sif Muna
Trog
Uskayaw
Wu Jian
Yredelemnul

Shops:
D:4 *


Innate Abilities, Weirdness & Mutations

You cannot be hasted, slowed, berserked, paralysed or teleported.
You can dig through walls and to a lower floor.
Your four strong arms can wield two-handed weapons with a shield.
You have a pair of large antennae on your head. (SInv)


Message History

You feel like a meek peon again. You block the minotaur's attack.
The minotaur gores you but does no damage.
You hit the minotaur.
You feel better.
The minotaur is severely wounded.
The minotaur hits you with a staff of poison!!
The minotaur gores you!
* * * LOW HITPOINT WARNING * * *
The minotaur misses you. The minotaur gores you!
* * * LOW HITPOINT WARNING * * *
You hit the minotaur but do no damage.
The minotaur is severely wounded.
The minotaur barely misses you. x2; You block the minotaur's attack. x2
You hit the minotaur.
The minotaur is severely wounded.
The minotaur completely misses you. You block the minotaur's attack.
You hit the minotaur but do no damage.
The minotaur is severely wounded.
The minotaur hits you with a staff of poison!
You die...

## # # # # ...
... #.. . # #. .
. # # ##
######.. . #.#
#..... . #..# #
# #.#.### ## #.
# # #.# #.#.. #
.#.#.####.# # #
# #.#.H@...#. #
#...#.########..
#. . ... .###.#
..##### ##
#......# # ..
...... ## # . ..
#.#...# ## # ##
# ### . .#. .# .
### ###


You could see a minotaur.

Vanquished Creatures
  Pikel (D:4)
  2 hippogriffs (D:8)
  A spriggan (D:7)
  Eustachio (D:5)
  Duvessa (D:4)
  A black bear (D:6)
  2 ice beasts
  3 sky beasts
  A necrophage (D:6)
  2 ogres
  A centaur (D:6)
  A crocodile (Lair:1)
  3 big kobolds (D:6)
  2 bullfrogs
  A water moccasin zombie (D:8)
  A scorpion (D:7)
  4 howler monkeys
  An electric eel (D:6)
  A hound (D:8)
  2 jellies
  Crazy Yiuf (D:4)
  3 bullfrog skeletons (D:6)
  A centaur skeleton (D:5)
  7 orc priests
  7 orc wizards
  3 iguanas
  Natasha (D:4)
  6 worker ants
  A hound zombie (D:8)
  A worker ant zombie (D:8)
  Robin (D:2)
  3 gnolls (D:6)
  7 adders
  A shadow imp (D:6)
  An adder skeleton (D:4)
  5 worms
  4 leopard geckos
  28 orcs
  2 ball pythons
  7 bats
  3 giant cockroaches
  13 goblins
  10 hobgoblins
  11 jackals
  58 kobolds
  4 quokkas
  4 frilled lizards
  A quokka skeleton (D:7)
  6 rats
  A spectral orc (D:3)
  A bush (D:4)
  2 fungi (D:4)
236 creatures vanquished.

Vanquished Creatures (others)
  Dowan (D:4)
  Natasha (twice) (D:4)
3 creatures vanquished.

Grand Total: 239 creatures vanquished

Notes
Turn   | Place    | Note
-------+----------+-------------------------------------------
     0 | D:1      | Kairos the Formicid Fighter began the quest for the Orb.
     0 | D:1      | Reached XP level 1. HP: 18/18 MP: 1/1
   140 | D:1      | Reached XP level 2. HP: 23/24 MP: 2/2
   345 | D:1      | Reached XP level 3. HP: 29/29 MP: 3/3
  1054 | D:2      | Noticed Robin
  1085 | D:2      | Killed Robin
  1085 | D:2      | Reached XP level 4. HP: 35/37 MP: 4/4
  1644 | D:2      | Reached skill level 1 in Dodging
  1708 | D:2      | Found an ornate altar of the Wu Jian Council.
  1708 | D:2      | Found a burning altar of Makhleb.
  1713 | D:2      | Found an iron altar of Okawaru.
  1715 | D:2      | Found a deep blue altar of Sif Muna.
  1717 | D:2      | Found a hide-covered altar of Uskayaw.
  1738 | D:2      | Became a worshipper of Warmaster Okawaru
  2119 | D:3      | Reached skill level 1 in Maces & Flails
  2231 | D:3      | Found an ancient bone altar of Kikubaaqudgha.
  2302 | D:3      | Found a basalt altar of Yredelemnul.
  2736 | D:4      | Found Anecedas's Assorted Antiques.
  2743 | D:4      | Reached XP level 5. HP: 42/42 MP: 5/5
  2913 | D:4      | Reached XP level 6. HP: 28/48 MP: 6/6
  2989 | D:4      | Reached * piety under Okawaru
  3028 | D:4      | Noticed an ice beast
  3038 | D:4      | Noticed Duvessa
  3040 | D:4      | Killed an ice beast
  3040 | D:4      | Reached skill level 5 in Shields
  3040 | D:4      | Reached XP level 7. HP: 40/54 MP: 7/7
  3048 | D:4      | Noticed Dowan
  3728 | D:4      | Noticed Pikel
  3729 | D:4      | Noticed Natasha
  3756 | D:4      | Killed Pikel
  3756 | D:4      | Reached ** piety under Okawaru
  3756 | D:4      | Reached skill level 5 in Armour
  3756 | D:4      | Reached skill level 1 in Stealth
  3756 | D:4      | Reached XP level 8. HP: 46/61 MP: 8/8
  3772 | D:4      | Killed Natasha
  3825 | D:4      | Killed Natasha
  3911 | D:4      | Found a runed door.
  3916 | D:4      | Noticed Crazy Yiuf
  3920 | D:4      | Killed Crazy Yiuf
  4023 | D:4      | Killed Natasha
  4036 | D:4      | Killed Dowan
  4051 | D:4      | Killed Duvessa
  4051 | D:4      | Reached skill level 5 in Axes
  4137 | D:5      | Entered Level 5 of the Dungeon
  4336 | D:5      | Noticed a moth of wrath
  4339 | D:5      | Found a bloodstained altar of Trog.
  4549 | D:5      | Found a sacrificial altar of Ru.
  4839 | D:5      | Noticed Eustachio
  4907 | D:5      | Killed Eustachio
  5058 | D:5      | Found a staircase to the Ecumenical Temple.
  5309 | D:6      | Reached XP level 9. HP: 64/67 MP: 9/9
  5375 | D:6      | Reached *** piety under Okawaru
  5375 | D:6      | Reached skill level 5 in Fighting
  7027 | D:7      | Reached **** piety under Okawaru
  7205 | D:7      | Reached XP level 10. HP: 76/76 MP: 10/10
  7246 | D:7      | Reached skill level 1 in Polearms
  7675 | D:7      | Found a sparkling altar of Nemelex Xobeh.
  8200 | D:8      | Reached skill level 5 in Polearms
  8204 | D:8      | Reached ***** piety under Okawaru
  8236 | D:8      | Found a staircase to the Lair.
  8419 | Lair:1   | Entered Level 1 of the Lair of Beasts
  8441 | Lair:1   | Found a labyrinth entrance.
  8454 | Lab      | Entered a labyrinth
  9333 | Lab      | Noticed a minotaur
  9342 | Lab      | Slain by a minotaur

Skill      XL: |  1  2  3  4  5  6  7  8  9 10 |
---------------+-------------------------------+-----
Shields        | 4 5 6 7 |  7.9
Dodging        | 1 2 3 |  3.7
Maces & Flails | 1 2 3 |  3.7
Armour         | 4 5 6 |  6.6
Fighting       | 4 5 6 |  6.0
Axes           | 4 5 7 |  7.9
Stealth        | 1 |  1.9
Polearms       | 5 |  5.1

Action                   |  1- 3 |  4- 6 |  7- 9 | 10-12 || total
-------------------------+-------+-------+-------+-------++-------
Melee: War axe           |    51 |       |       |       ||    51
       Whip              |    51 |   163 |       |       ||   214
       Hand axe          |       |    28 |   587 |       ||   615
       Bardiche          |       |       |     5 |   118 ||   123
Invok: Heroism           |       |       |     3 |     3 ||     6
 Abil: Dig               |       |       |       |     4 ||     4
  Use: Scroll            |       |       |     1 |    11 ||    12
 Stab: Sleeping          |       |       |     1 |       ||     1
  Eat: Chunk             |       |     7 |    14 |     2 ||    23
       Ration            |       |       |     2 |     2 ||     4
Armor: Scale mail        |    51 |    38 |   108 |    35 ||   232
Dodge: Dodged            |    35 |    84 |   301 |   111 ||   531
Block: Shield            |    51 |    84 |   262 |    90 ||   487
